 Dungeon Crawl Stone Soup version 0.19-a0-1655-gdd95918 (webtiles) character file.

9841 AlphabetPasta the Slinger (level 11, -4/72 HPs)
             Began as a Halfling Arcane Marksman on Sept 20, 2016.
             Was a Priest of Dithmenos.
             Slain by an orc warrior
             ... wielding a +0 flail
             ... led by an orc knight
              (11 damage)
             ... on level 9 of the Dungeon.
             The game lasted 01:52:42 (13136 turns).

AlphabetPasta the Slinger (HaAM)                   Turns: 13136, Time: 01:52:43

Health: -4/72      AC:  9    Str: 12    XL:     11   Next: 81%
Magic:  17/17      EV: 13    Int: 15    God:    Dithmenos [***...]
Gold:   606        SH:  4    Dex: 17    Spells: 3 memorised, 14 levels left

rFire  . . .     SeeInvis .     c - +0 falchion
rCold  . . .     Gourm    .     F - +0 leather armour {rPois}
rNeg   + . .     Faith    .     P - +0 buckler
rPois  +         Spirit   .     x - +0 helmet
rElec  .         Dismiss  .     s - +0 cloak
rCorr  .         Reflect  .     e - +0 pair of gloves
MR     .....     Harm     .     j - +2 pair of boots {Stlth+}
Stlth  +++++.....               u - amulet of regeneration
                                y - +3 ring of intelligence
                                r - ring of positive energy

@: wreathed by umbra, very heavily drained
A: mutation resistance 1
a: Shadow Step, Renounce Religion


You were on level 9 of the Dungeon.
You worshipped Dithmenos.
Dithmenos was most pleased with you.
You were not hungry.

You visited 3 branches of the dungeon, and saw 13 of its levels.
You also visited: Ossuary and Bailey.

You collected 689 gold pieces.
You spent 83 gold pieces at shops.

Inventory:

Hand Weapons
 a - a +0 dagger
 b - the +5 hunting sling "Sotref" {speed, rElec rN+++ MP+9 Str-5}
   (You found it on level 9 of the Dungeon)

   Attacks with this weapon are significantly faster.
   It affects your strength (-5).
   It insulates you from electricity.
   It renders you almost immune to negative energy.
   It affects your magic capacity (+9).
 c - a +0 falchion (weapon)
Missiles
 h - 170 stones (quivered)
 i - 10 sling bullets
Armour
 e - a +0 pair of gloves (worn)
 j - a +2 pair of boots of stealth (worn)
 s - a +0 cloak (worn)
 x - a +0 helmet (worn)
 F - a +0 leather armour of poison resistance (worn)
 P - a +0 buckler (worn)
Jewellery
 r - a ring of positive energy (left hand)
 u - an amulet of regeneration (around neck)
 y - a +3 ring of intelligence (right hand)
Wands
 t - a wand of digging (17/24)
 A - a wand of lightning (0/15)
 K - a wand of teleportation (5/9)
 M - a wand of iceblast (0/15)
 N - a wand of slowing (16/48)
 O - a wand of paralysis (0/24)
Scrolls
 w - 4 scrolls of remove curse
 B - 2 scrolls of amnesia
Potions
 d - a potion of cure mutation
 l - 2 potions of beneficial mutation {unknown}
 m - a potion of resistance {unknown}
 n - 5 potions of curing
 o - a potion of cancellation {unknown}
 p - a potion of berserk rage
 v - 2 potions of magic
 H - 2 potions of haste {unknown}
 I - 2 potions of might {unknown}
Books
 q - a book of Debilitation

   Spells                             Type                      Level
   a - Corona                         Hexes                        1
   b - Slow                           Hexes                        2
   c - Gell's Gravitas                Hexes/Translocation          3
   d - Inner Flame                    Hexes/Fire                   3
   e - Cause Fear                     Hexes                        4
   f - Leda's Liquefaction            Hexes/Earth                  4
 C - a book of Geomancy

   Spells                             Type                      Level
   a - Sandblast                      Earth                        1
   b - Passwall                       Transmutation/Earth          2
   c - Stone Arrow                    Conjuration/Earth            3
   d - Petrify                        Transmutation/Earth          4
   e - Lee's Rapid Deconstruction     Earth                        5
Comestibles
 f - 2 bread rations
 g - 2 chunks of flesh
 k - a meat ration
 z - a beef jerky


   Skills:
 + Level 5.6(1.4) Fighting
 * Level 8.2(4.1) Short Blades
 + Level 3.3(1.2) Long Blades
 * Level 10.4(5.6) Slings
 - Level 2.0(0.0) Armour
 - Level 5.1(1.0) Dodging
 * Level 8.3(3.8) Stealth
 + Level 4.2(0.2) Shields
 + Level 4.5(0.4) Spellcasting
 + Level 4.8(0.7) Hexes
 - Level 2.0(0.0) Earth Magic
 + Level 3.7(0.0) Invocations


You had 14 spell levels left.
You knew the following spells:

 Your Spells              Type           Power        Failure   Level  Hunger
a - Corona                Hex            #......      47%         1    ##.....
b - Slow                  Hex            #.......     73%         2    ###....
c - Passwall              Tmut/Erth      #.........   83%         2    ###....


Dungeon Overview and Level Annotations

Branches:
Dungeon (11/15)            Temple (1/1) D:7             Orc (1/2) D:10
   Lair: D:8-11

Altars:
Ashenzari
Cheibriados
Dithmenos
Elyvilon
Fedhas
Gozag
Hepliaklqana
Kikubaaqudgha
Makhleb
Nemelex Xobeh
Okawaru
Qazlal
Ru
Sif Muna
Trog
Uskayaw
Vehumet
Xom
Yredelemnul
Zin
The Shining One

Shops:
D:6 =   D:10 [

Portals:
Trove: D:10 (give +5 demon whip)

Annotations:
D:11 Sonja


Innate Abilities, Weirdness & Mutations

You are small and have problems with some larger weapons.
You are somewhat resistant to further mutation.


Message History

There is a stone staircase leading up, spattered with blood here.
The warg misses you. The warg closely misses you.
You block the orc warrior's attack. The warg misses you.
You riposte.
You closely miss the warg. The warg completely misses you.
You riposte.
You closely miss the warg.
The warg pauses to sniff the ground.
The warg barely misses you.
You riposte.
You hit the warg.
The warg is lightly wounded.
The orc warrior hits you with a flail!
* * * LOW HITPOINT WARNING * * *
There is a stone staircase leading up, spattered with blood here.
The warg misses you.
You climb upwards.
There is a stone staircase leading down here.
The warg bites you but does no damage. The warg bites you!
* * * LOW HITPOINT WARNING * * *
The orc warrior hits you with a flail!
You die...

#....###...................)
#...[...(...................
#...........................
#......##.....##..##...#....
#.#...............##...#....
#...!...###'#...............
#....##.#...#.#.............
#....##.#...#.#.......#.)...
#.......#..@#.....##.......#
#...#####.ho#####.##.####..#
#...#....[...#..#....#..'..#
#...#.....>..#..'....##'#...
#.#.#####.#######....#..####
#.#.....#.####.......#......
#....##.#....#.#..##.+......
#.......######.......#......
#.#......######'###+##..##..


You could see a warg and an orc warrior.

Vanquished Creatures
  Josephine (D:9)
  Urug (D:10)
  Nergalle (D:11)
  3 hill giants (D:10)
  A troll (D:9)
  4 wraiths (D:9)
  3 hungry ghosts
  Eustachio (D:6)
  A black bear (D:6)
  A necrophage (D:9)
  5 orc warriors
  A wasp (D:9)
  5 sky beasts
  5 phantoms
  5 ogres
  5 centaurs
  3 elf zombies (Ossuary)
  A gnoll sergeant (D:7)
  2 bullfrogs
  Blork the orc (D:6)
  A wyvern skeleton (D:5)
  15 killer bees
  A howler monkey (D:4)
  4 crimson imps
  A jelly (D:7)
  A bullfrog zombie (D:5)
  A human zombie (Ossuary)
  2 centaur skeletons
  3 hounds
  A bullfrog skeleton (D:9)
  4 orc priests
  3 iguanas
  3 orc wizards
  6 worker ants
  A killer bee zombie (D:9)
  A big kobold zombie (Ossuary)
  A hound zombie (Ossuary)
  A hound skeleton (D:9)
  3 mummies (Ossuary)
  A howler monkey zombie (D:8)
  5 gnolls
  7 adders
  2 shadow imps
  2 adder zombies (Ossuary)
  An adder skeleton (D:7)
  4 dart slugs
  2 worms
  6 leopard geckos
  49 orcs
  6 bats
  2 giant cockroaches
  A gnoll zombie (Ossuary)
  15 goblins
  8 hobgoblins
  19 jackals
  2 quokkas
  2 ball pythons (D:1)
  5 frilled lizards
  3 goblin zombies (Ossuary)
  2 hobgoblin zombies (Ossuary)
  3 jackal zombies (Ossuary)
  8 kobolds
  5 kobold zombies (Ossuary)
  A leopard gecko skeleton (D:6)
  A leopard gecko zombie (D:6)
  2 orc zombies (Ossuary)
  5 quokka zombies (Ossuary)
  8 rats
  4 rat zombies (Ossuary)
284 creatures vanquished.

Notes
Turn   | Place    | Note
-------+----------+-------------------------------------------
     0 | D:1      | AlphabetPasta the Halfling Arcane Marksman began the quest for the Orb.
     0 | D:1      | Reached XP level 1. HP: 12/12 MP: 2/2
    14 | D:1      | Reached skill level 1 in Fighting
    21 | D:1      | Reached XP level 2. HP: 6/18 MP: 3/3
   285 | D:1      | Learned a level 2 spell: Slow
   373 | D:1      | Reached XP level 3. HP: 23/23 MP: 4/4
   514 | D:1      | Reached skill level 1 in Stealth
  1028 | D:2      | Found a snail-covered altar of Cheibriados.
  1413 | D:2      | Reached skill level 1 in Short Blades
  1413 | D:2      | Reached XP level 4. HP: 7/28 MP: 0/6
  2426 | D:3      | Reached XP level 5. HP: 34/34 MP: 7/7
  3253 | D:4      | Learned a level 2 spell: Slow
  3345 | D:4      | Noticed an ogre
  3356 | D:4      | Killed an ogre
  3356 | D:4      | Reached XP level 6. HP: 39/39 MP: 5/8
  3455 | D:4      | Noticed an ogre
  3470 | D:4      | Killed an ogre
  3470 | D:4      | Reached skill level 4 in Slings
  3629 | D:4      | Found a sacrificial altar of Ru.
  3671 | D:4      | Reached XP level 7. HP: 34/45 MP: 10/10
  3691 | D:4      | Found a sparkling altar of Nemelex Xobeh.
  3702 | D:4      | Found a radiant altar of Vehumet.
  4158 | D:5      | Entered Level 5 of the Dungeon
  4423 | D:5      | Reached XP level 8. HP: 43/52 MP: 11/11
  4683 | D:5      | Reached skill level 5 in Slings
  5078 | D:5      | Found a burning altar of Makhleb.
  5078 | D:5      | Found a deep blue altar of Sif Muna.
  5248 | D:6      | Learned a level 2 spell: Passwall
  5629 | D:6      | Found Miyra's Jewellery Shoppe.
  5634 | D:6      | Bought a cursed amulet of inaccuracy for 20 gold pieces
  5737 | D:6      | Noticed Blork the orc
  5744 | D:6      | Killed Blork the orc
  5744 | D:6      | Reached XP level 9. HP: 58/58 MP: 11/13
  5766 | D:6      | Noticed Eustachio
  5827 | D:6      | Killed Eustachio
  5827 | D:6      | Reached skill level 6 in Slings
  5990 | D:6      | Reached skill level 5 in Short Blades
  5993 | D:6      | Reached skill level 5 in Stealth
  6046 | D:6      | Found a sparkling altar of Nemelex Xobeh.
  6156 | D:7      | Found a staircase to the Ecumenical Temple.
  6176 | Temple   | Entered the Ecumenical Temple
  6181 | Temple   | Became a worshipper of Dithmenos the Shadowed
  6428 | D:7      | Found a sand-covered staircase.
  6432 | Ossuary  | Entered an ossuary
  6695 | Ossuary  | Reached skill level 1 in Armour
  6695 | Ossuary  | Reached skill level 5 in Dodging
  6701 | Ossuary  | Reached * piety under Dithmenos
  6942 | Ossuary  | Reached skill level 1 in Earth Magic
  7143 | D:7      | Reached skill level 7 in Slings
  7799 | D:6      | Reached ** piety under Dithmenos
  8584 | D:8      | Found a shadowy altar of Dithmenos.
  8682 | D:8      | Reached skill level 1 in Shields
  8692 | D:8      | Reached XP level 10. HP: 65/65 MP: 15/15
  9095 | D:8      | Reached skill level 1 in Invocations
  9407 | D:9      | Reached skill level 1 in Long Blades
  9492 | D:9      | Reached skill level 8 in Slings
 10255 | D:9      | Got a twisted hunting sling
 10262 | D:9      | Got a translucent short sword
 10263 | D:9      | Identified the +5 hunting sling "Sotref" {speed, rElec rN+++ MP+9 Str-5} (You found it on level 9 of the Dungeon)
 10545 | D:9      | Reached skill level 5 in Fighting
 10838 | D:10     | Entered Level 10 of the Dungeon
 10838 | D:10     | Found a staircase to the Orcish Mines.
 10838 | D:10     | Noticed a hill giant
 10915 | D:10     | Noticed a hill giant
 10924 | D:10     | Killed a hill giant
 10924 | D:10     | Reached *** piety under Dithmenos
 10924 | D:10     | Reached skill level 9 in Slings
 10924 | D:10     | Reached XP level 11. HP: 71/71 MP: 17/17
 10939 | D:10     | Found a portal to a secret trove of treasure.
 10996 | D:10     | Found a flagged portal.
 11024 | Bailey   | Entered a bailey
 11220 | Bailey   | Noticed an orc knight
 11220 | Bailey   | Noticed an orc knight
 11233 | Bailey   | Noticed an orc knight
 11286 | D:10     | Killed a hill giant
 11367 | D:10     | Noticed Urug
 11440 | D:10     | Noticed a hill giant
 11777 | D:10     | Killed Urug
 12188 | D:10     | Noticed Josephine
 12222 | D:9      | Killed Josephine
 12222 | D:9      | Reached skill level 10 in Slings
 12435 | D:10     | Killed a hill giant
 12709 | D:10     | Found Sixa's Armour Shoppe.
 12717 | D:10     | Bought a +0 pair of gloves for 63 gold pieces
 12722 | D:10     | Upgraded the game from 0.19-a0-1653-g922d709 to 0.19-a0-1655-gdd95918
 12756 | D:11     | Noticed Nergalle
 12762 | D:11     | Killed Nergalle
 12854 | D:11     | Noticed Sonja
 13002 | Orc:1    | Entered Level 1 of the Orcish Mines
 13006 | Orc:1    | Noticed an orc knight
 13136 | D:9      | Slain by an orc warrior

Vault maps used:
D:1:      minmay_arrival_checkered_box, glass_columns_a, minmay_surrounded
D:2:      cheibriados_altar_1, first_bread
D:3:      hangedman_abyss_or_decor_stabs
D:4:      minitemple, hangedman_ru_absence
D:5:      gammafunk_temple_overflow_elements
D:6:      lemuel_ice_spiral_2, serial_shops, kennysheep_little_box,
          nemelex_diamond_rough_becter, uniq_blork_the_orc, uniq_eustachio
D:7:      enter_ossuary_5
D:8:      grunt_dithmenos_smoke_and_mirrors
D:10:     nicolae_trove_entry_crystal, serial_shops,
          nicolae_shop_competitors_out_of_business, enter_bailey_3, uniq_urug,
          uniq_josephine
D:11:     lair_0_dummy, minivault_29, uniq_erolcha, uniq_sonja, uniq_fannar,
          uniq_nergalle
Temple:   minmay_freezing_vapour_temple
Orc:1:    trog_butcher_becter
Ossuary:  minmay_ossuary_two_tombs
Bailey:   bailey_polearm_5, bailey

Skill      XL: |  1  2  3  4  5  6  7  8  9 10 11 |
---------------+----------------------------------+-----
Fighting       | 1 2 3 4 5 |  5.6
Stealth        | 1 2 3 4 5 7 8 |  8.3
Short Blades   | 1 2 3 4 5 7 8 |  8.2
Dodging        | 3 4 5 |  5.1
Slings         | 4 5 7 9 10 | 10.4
Spellcasting   | 2 3 4 |  4.5
Hexes          | 3 4 |  4.8
Armour         | 2 |  2.0
Earth Magic    | 2 |  2.0
Shields        | 1 3 4 |  4.2
Invocations    | 2 3 |  3.7
Long Blades    | 2 3 |  3.3

Action                   |  1- 3 |  4- 6 |  7- 9 | 10-12 || total
-------------------------+-------+-------+-------+-------++-------
Melee: Dagger            |   110 |    65 |    16 |    15 ||   206
       Hand axe          |     3 |       |       |       ||     3
       Falchion          |       |       |   248 |   586 ||   834
 Fire: Hunting sling     |    49 |   156 |   753 |   413 ||  1371
Throw: Stone             |       |     3 |       |     6 ||     9
 Cast: Corona            |    11 |    22 |    25 |    29 ||    87
       Slow              |     3 |     8 |     7 |     8 ||    26
Invok: Shadow Step       |       |       |       |     2 ||     2
Evoke: Wand              |       |       |     6 |     8 ||    14
  Use: Scroll            |     2 |     5 |     6 |     9 ||    22
       Potion            |     1 |     1 |     2 |     9 ||    13
 Stab: Sleeping          |       |     1 |     9 |     9 ||    19
       Paralysed         |       |       |       |     2 ||     2
       Invisible         |       |       |       |     2 ||     2
  Eat: Chunk             |     2 |     3 |     8 |     8 ||    21
       Meat ration       |       |     1 |       |     1 ||     2
       Beef jerky        |       |       |     1 |       ||     1
       Royal jelly       |       |       |     1 |       ||     1
       Bread ration      |       |       |     1 |     3 ||     4
       Pizza             |       |       |     1 |       ||     1
Armor: Robe              |     9 |    30 |    47 |       ||    86
       Leather armour    |       |       |    41 |   100 ||   141
Dodge: Dodged            |    93 |   108 |   459 |   582 ||  1242
Block: Buckler           |       |       |    13 |   171 ||   184
